Map: Emerald City LE

Players

FyReed - Winner!

  • Race: Zerg Zerg
  • Spawn Location: 5:00

SanEK - Winner!

  • Race: Protoss Protoss
  • League: Diamond
  • Spawn Location: 5:00

Massa

  • Race: Terran Terran
  • League: Platinum
  • Spawn Location: 11:00

qqq

  • Race: Zerg Zerg
  • League: Platinum
  • Spawn Location: 11:00

VOD

Have the link to the VOD?

Description

Time

  • Played on: Sept. 25, 2020, 11:56 a.m.
  • Length: 10:02
Show
View Real Time Build Order
Export as new Build Order

FyReed Zerg - Winner!

Build Orders: Pool First 

Get SALT Encoding   

  12  0:09  Drone  
  13  0:14  Overlord  
  13  0:18  Drone  
  14  0:33  Drone  
  15  0:41  Spawning Pool  
  14  0:48  Extractor  
  14  0:49  Drone x2  
  15  0:52  Drone  
  16  1:04  Drone  
  17  1:14  Drone  
  18  1:25  Drone  
  19  1:29  Queen  
  21  1:42  Hatchery  
  21  1:46  Drone  
  21  1:49  Zergling x2  
  21  1:53  Metabolic Boost  
  22  2:01  Overlord  
  22  2:14  Overlord  
  22  2:31  Drone  
  22  2:32  Drone  
  22  2:37  Roach Warren  
  23  2:40  Drone  
  24  2:45  Zergling x6  
  27  2:54  Queen  
  27  2:56  Drone x2  
  30  3:15  Zergling x2  
  30  3:16  Zergling x8  
  35  3:22  Drone  
  36  3:30  Baneling Nest  
  36  3:31  Extractor, Drone x2  
  36  3:42  Roach x2  
  34  4:17  Roach x2  
  34  4:18  Roach x4  
  34  4:19  Overlord x2  
  44  4:41  Roach x3  
  44  4:42  Roach x3  
  57  4:52  Zergling x2  
  57  4:53  Zergling x6  
  57  4:56  Overlord  
  57  4:57  Overlord  
  60  5:14  Drone  
  60  5:15  Drone x2  
  63  5:29  Hatchery  
  62  5:50  Zergling x20  
  62  5:51  Baneling  
  62  5:52  Baneling  
  72  5:58  Baneling x5  
  64  6:42  Baneling x7  
  64  6:43  Baneling x3  
  64  6:44  Queen  
  66  6:49  Drone  
  66  6:50  Drone x6  
  73  6:56  Lair  
  73  7:02  Evolution Chamber  
  44  7:32  Zergling x2  
  44  7:33  Zergling x30  
  56  7:58  Drone x6  
  44  8:30  Zergling x26  
  44  8:31  Zergling x4  
  59  8:39  Overlord x2  
  59  8:45  Hatchery, Drone  
  59  8:46  Spire  
  59  8:48  Extractor  
  57  8:49  Extractor  
  56  9:04  Drone x2  
  56  9:05  Drone x3  
  54  9:30  Zergling x10  
  54  9:31  Zergling x18  
Show
View Real Time Build Order
Export as new Build Order

SanEK Protoss - Winner!

Build Orders: Double Forge, Zealot Archon 

Get SALT Encoding   

  12  0:00  Probe  
  13  0:12  Probe  
  14  0:17  Pylon  
  14  0:24  Probe (Chrono Boost)  
  15  0:36  Probe (Chrono Boost)  
  15  0:37  Gateway  
  16  0:44  Assimilator  
  16  0:46  Probe (Chrono Boost)  
  17  0:55  Probe  
  18  0:57  Assimilator  
  18  1:08  Probe (Chrono Boost)  
  19  1:15  Pylon  
  20  1:19  Probe (Chrono Boost)  
  20  1:24  Probe (Chrono Boost)  
  21  1:26  Cybernetics Core  
  21  1:34  Probe  
  22  1:46  Probe  
  23  1:57  Nexus  
  23  2:09  Stalker, Warp Gate  
  25  2:32  Probe  
  26  2:44  Probe  
  26  2:47  Shield Battery  
  26  2:55  Shield Battery  
  26  2:58  Gateway  
  26  3:00  Gateway  
  26  3:07  Robotics Facility  
  26  3:09  Probe (Chrono Boost)  
  26  3:11  Probe (Chrono Boost)  
  30  3:20  Probe x2 (Chrono Boost)  
  30  3:24  Pylon  
  30  3:25  Probe (Chrono Boost)  
  31  3:29  Pylon  
  31  3:36  Probe (Chrono Boost)  
  31  3:39  Probe (Chrono Boost)  
  33  3:45  Twilight Council  
  33  3:47  Probe (Chrono Boost)  
  35  3:48  Probe (Chrono Boost)  
  35  3:53  Assimilator  
  35  3:57  Assimilator  
  35  4:07  Immortal  
  39  4:18  Forge x2  
  39  4:22  Stalker  
  41  4:40  Gateway  
  41  4:41  Stalker  
  41  4:43  Gateway  
  41  4:45  Charge (Chrono Boost)  
  43  4:48  Protoss Ground Armor Level 1 (Chrono Boost)  
  43  4:58  Protoss Ground Weapons Level 1 (Chrono Boost)  
  43  5:01  Immortal  
  43  5:04  Probe  
  43  5:05  Probe  
  49  5:16  Probe  
  49  5:17  Probe  
  51  5:26  Stalker x2  
  55  5:28  Probe  
  55  5:29  Probe  
  57  5:40  Probe  
  57  5:41  Probe  
  59  5:53  Probe  
  59  5:54  Probe  
  59  6:16  Pylon  
  59  6:20  Pylon  
  59  6:24  Gateway  
  59  6:27  Gateway  
  59  6:30  Gateway  
  59  6:31  Templar Archives  
  59  6:32  Gateway  
  59  6:33  Pylon  
  59  6:35  Pylon  
  63  6:41  Warp Prism (Chrono Boost), Pylon, Zealot x3  
  67  6:54  Protoss Ground Weapons Level 2 (Chrono Boost)  
  67  6:59  Protoss Shields Level 1 (Chrono Boost)  
  67  7:01  Stalker  
  67  7:02  Stalker  
  63  7:32  Zealot x5  
  63  7:33  Zealot x4  
  79  7:53  High Templar x4  
  79  7:54  High Templar x2  
  79  7:56  High Templar x2  
  79  7:57  Archon  
  79  7:58  Archon x2  
  95  8:02  Observer  
  94  8:14  Zealot  
  96  8:23  Archon  
  94  8:29  Zealot x2  
  94  8:30  Zealot x2  
  94  8:47  Zealot x3  
  94  8:48  Pylon, Zealot  
  92  8:50  Pylon  
  92  8:52  Pylon  
  92  8:54  Pylon  
  92  8:57  Pylon  
  92  8:58  Pylon  
  92  9:01  Pylon  
  88  9:03  Pylon  
  88  9:13  Stalker x5  
  88  9:14  Stalker  
  86  9:50  Zealot x4  
  86  9:51  Zealot x3  
Show
View Real Time Build Order
Export as new Build Order

Massa Terran 

Build Orders: Reaper Expand 

Get SALT Encoding   

  12  0:00  SCV  
  13  0:12  SCV  
  14  0:18  Supply Depot  
  14  0:24  SCV  
  15  0:40  SCV  
  16  0:43  Barracks  
  16  0:46  Refinery  
  16  0:52  SCV  
  17  1:04  SCV  
  18  1:16  SCV  
  19  1:29  Orbital Command  
  19  1:31  Reaper  
  20  1:42  Command Center  
  20  1:56  SCV  
  21  2:03  Marine  
  22  2:10  Factory  
  22  2:16  SCV  
  23  2:27  Barracks Reactor  
  23  2:33  Supply Depot  
  23  2:38  Command Center  
  23  2:53  SCV  
  23  2:57  Orbital Command  
  24  3:05  SCV  
  24  3:09  Starport  
  25  3:23  Refinery  
  26  3:27  SCV x2  
  26  3:29  Factory Reactor  
  27  3:35  Engineering Bay  
  27  3:39  SCV x2, Supply Depot  
  29  3:44  Barracks Tech Lab  
  29  3:51  SCV  
  29  3:52  Barracks  
  29  4:13  Supply Depot x2  
  29  4:17  Hellion x2  
  29  4:19  Marauder  
  29  4:20  SCV  
  29  4:21  SCV  
  37  4:31  Orbital Command  
  37  4:39  Hellion  
  37  4:44  Bunker  
  39  4:46  Hellion  
  39  4:49  Stimpack  
  39  4:50  Marauder  
  39  4:52  Barracks Reactor  
  43  5:00  Hellion  
  45  5:07  SCV x2  
  47  5:15  Terran Infantry Weapons Level 1  
  47  5:19  SCV x2  
  47  5:20  SCV  
  50  5:26  Missile Turret  
  50  5:31  SCV  
  50  5:32  SCV, Missile Turret  
  50  5:33  SCV  
  50  5:35  Missile Turret  
  53  5:38  Supply Depot  
  53  5:41  Medivac  
  55  5:43  SCV  
  55  5:44  Hellion  
  55  5:46  Marauder, Missile Turret  
  55  5:49  Marine x2  
  62  5:58  SCV x2  
  64  6:07  Missile Turret  
  64  6:10  SCV x2  
  66  6:19  Orbital Command  
  66  6:20  Widow Mine x2  
  66  6:22  SCV  
  66  6:25  Marauder, Marine x2  
  58  6:41  Widow Mine x2  
  58  6:43  Marine x2  
  58  6:44  SCV x2  
  58  6:45  SCV  
  58  6:46  Marauder  
  69  6:52  Starport Tech Lab  
  69  6:56  SCV  
  69  6:57  SCV  
  69  6:58  SCV  
  69  7:00  Marine  
  73  7:08  SCV, Barracks, Marauder  
  75  7:09  SCV, Barracks  
  75  7:10  SCV, Barracks  
  75  7:11  Barracks  
  75  7:12  Barracks  
  69  7:28  Widow Mine x2  
  58  7:41  Marauder, Marine x2  
  60  7:49  Widow Mine x2  
  57  7:59  Marine x2  
  57  8:02  Marauder  
  61  8:09  Barracks Tech Lab x2  
  61  8:10  Barracks Reactor x2  
  61  8:11  Widow Mine, Barracks Tech Lab  
  63  8:15  Refinery  
  63  8:16  Marine  
  63  8:17  Banshee, Marine  
  64  8:20  Ghost Academy  
  64  8:24  Marauder  
  62  8:31  Marauder x2, Marine  
  56  8:34  Marine  
  56  8:35  Widow Mine x2, Marine  
  60  8:44  Marine  
  61  8:52  Marine  
  61  8:53  Marine  
  63  8:56  Widow Mine  
  63  9:00  Banshee  
  52  9:10  Marine x2  
  52  9:12  Orbital Command  
  52  9:13  Marauder x3  
  52  9:14  Marine  
  52  9:15  Marine x3  
  41  9:28  Marine  
  40  9:32  Marine x2  
  40  9:33  Marine x2  
  40  9:34  Marauder x3  
Show
View Real Time Build Order
Export as new Build Order

qqq Zerg 

Build Orders: Hatch First, Swarm Host 

Get SALT Encoding   

  12  0:01  Drone  
  13  0:09  Drone  
  14  0:40  Hatchery  
  13  0:53  Spawning Pool  
  13  0:55  Drone  
  13  1:10  Overlord  
  13  1:12  Drone  
  13  1:16  Extractor  
  13  1:18  Drone  
  14  1:29  Drone  
  15  1:45  Drone x2  
  15  1:46  Queen  
  19  2:01  Drone  
  20  2:13  Drone  
  20  2:15  Drone x3  
  24  2:25  Extractor  
  24  2:28  Metabolic Boost  
  23  2:35  Queen  
  23  2:36  Drone  
  26  2:39  Drone  
  26  2:41  Zergling x2  
  26  2:44  Overlord  
  28  2:55  Overlord  
  28  3:10  Drone x3  
  28  3:11  Zergling x2  
  32  3:22  Zergling x2  
  32  3:24  Lair  
  32  3:26  Zergling x2  
  34  3:29  Drone, Extractor  
  34  3:30  Drone x2  
  34  3:31  Drone  
  37  3:44  Drone x2  
  39  3:48  Zergling x2  
  39  3:49  Zergling x2  
  41  3:57  Zergling x2  
  42  4:03  Spine Crawler  
  42  4:08  Spine Crawler  
  40  4:10  Spine Crawler  
  40  4:11  Spine Crawler  
  34  4:20  Drone  
  34  4:21  Zergling x8  
  34  4:23  Drone x4  
  43  4:45  Drone  
  44  4:55  Overlord x3  
  44  5:09  Infestation Pit  
  44  5:10  Evolution Chamber  
  44  5:13  Drone x2  
  44  5:14  Drone x4, Hydralisk Den  
  47  5:25  Drone  
  48  5:32  Drone  
  48  5:33  Drone  
  50  5:36  Drone  
  50  5:38  Hatchery  
  50  5:46  Hive  
  50  5:50  Zerg Melee Weapons Level 1  
  50  5:54  Zergling x6  
  50  5:55  Drone  
  52  6:07  Zergling x4  
  52  6:08  Zergling x2  
  52  6:14  Hydralisk x2  
  52  6:16  Swarm Host x2  
  53  6:33  Swarm Host  
  53  6:36  Swarm Host  
  53  6:37  Zergling x2  
  53  6:38  Zergling x2  
  61  6:50  Drone  
  62  7:04  Extractor x2, Drone x2  
  56  7:28  Swarm Host  
  55  7:34  Zergling x10  
  55  7:35  Ultralisk Cavern  
  59  7:40  Drone  
  59  7:41  Drone x6  
  66  7:55  Hatchery  
  65  7:59  Zerg Ground Armor Level 1  
  65  8:10  Swarm Host  
  65  8:12  Overlord x2  
  68  8:13  Overlord x2  
  68  8:14  Hatchery, Overlord x3  
  66  8:30  Ultralisk  
  66  8:34  Zergling x4  
  66  8:35  Zergling x4  
  66  8:36  Ultralisk  
  49  9:08  Zergling x6, Ultralisk  
  37  9:37  Drone  
  37  9:38  Drone x4  
  35  9:43  Zergling x2  
  35  9:44  Zergling x4  
Tags
 
Add a new tag
Caveats
  • Supply blocks, unpowered buildings, or Contaminate may cause inaccurate times.
  • Supply counts are checked every 10 seconds.